 Dungeon Crawl Stone Soup version 0.18-a0-1413-g4eaa9ac (webtiles) character file.

92 M4edhros the Insei (level 4, 0/42 HPs)
             Began as an Octopode Artificer on Feb 25, 2016.
             Slain by an adder (1 damage)
             ... on level 3 of the Dungeon.
             The game lasted 00:01:23 (1581 turns).

M4edhros the Insei (Octopode Artificer)             Turns: 1581, Time: 00:01:23

Health: 0/42       AC: 22    Str: 10    XL:     4   Next: 60%
Magic:  6/6        EV:  2    Int: 20    God:
Gold:   154        SH:  0    Dex: 12    Spells: 0 memorised, 3 levels left

rFire  . . .     SeeInvis .       - Unarmed
rCold  . . .     Gourm    .     (no shield)
rNeg   + + +     Faith    .     (helmet currently unavailable)
rPois  +         Spirit   .     (no amulet)
rElec  .         Dismiss  .     (no ring)
rCorr  .         Reflect  .     (no ring)
SustAt .         Harm     .     (no ring)
MR     .....     NoTele   +     (no ring)
Stlth  ++........               (no ring)
                                (no ring)
                                (no ring)
                                (no ring)

@: brilliant, lethally poisoned (0 -> -5), tree-form, not resistant to hostile
enchantments, unstealthy
A: almost no armour, amphibious, 8 rings, (constrict 8), (camouflage 0),
(gelatinous body 0)
a: no special abilities


You were on level 3 of the Dungeon.
You were very hungry.
You were a tree.
You visited 1 branch of the dungeon, and saw 3 of its levels.

You collected 154 gold pieces.

Inventory:

Armour
 r - a +0 hat (melded)
Wands
 b - a wand of flame (15/48)
 c - a wand of enslavement (15/24)
 d - a wand of random effects (15/48)
Scrolls
 e - 2 scrolls of immolation {unknown}
 i - a scroll of fog {unknown}
 j - 2 scrolls of identify {unknown}
 l - a scroll of blinking {unknown}
 n - 3 scrolls of remove curse {unknown}
 q - a scroll of amnesia {unknown}
 s - a scroll of enchant armour {unknown}
 u - a scroll of recharging {unknown}
Potions
 k - a potion of cure mutation
 p - a potion of magic {unknown}
 t - a potion of curing {unknown}
 v - a potion of heal wounds {unknown}
Comestibles
 a - 2 beef jerkies
 f - 5 bread rations
 g - 3 meat rations


   Skills:
 - Level 1.0 Fighting
   Level 1.0 Short Blades
 - Level 2.0 Dodging
 - Level 1.3 Stealth
 + Level 4.0 Unarmed Combat
 - Level 3.2 Evocations


You had 3 spell levels left.
You didn't know any spells.

Dungeon Overview and Level Annotations

Branches:
Dungeon (3/15)

Altars:
Fedhas


Innate Abilities, Weirdness & Mutations

You cannot wear most types of armour.
You are amphibious.
You can wear up to eight rings at the same time.
((You can use your tentacles to constrict eight enemies at once.))
((Your skin changes colour to match your surroundings (Stealth).))
((Your rubbery body absorbs attacks (AC +1).))


Message History

The jackal barely misses you. The adder bites you.
* * * LOW HITPOINT WARNING * * *
The jackal bites you.
* * * LOW HITPOINT WARNING * * *
Drink which item? (? for menu, Esc to quit)
It was a potion of brilliance.
You feel clever all of a sudden.
* * * LOW HITPOINT WARNING * * *
You feel sick. The adder bites you.
* * * LOW HITPOINT WARNING * * *
You are more poisoned.
The adder poisons you! The jackal barely misses you.
Unknown command.
Drink which item? (? for menu, Esc to quit)
It was a potion of lignification.
You turn into a tree.
Your +0 hat melds into your body.
Your roots penetrate the ground.
The adder bites you but does no damage.
The jackal bites you but does no damage. x2
The adder bites you.
You die...

#...# #...# # .
#...# .#
..####...##.##.
......$........
...............
......†Sh......
#.♣.# #.$.#
#...# #...#
#...# #####
##...####...#
##...........#
#........#...#
#>#####..##.##.


You could see an adder and a jackal.

Vanquished Creatures
  Jessica (D:3)
  An adder (D:2)
  An ooze (D:1)
  A worm (D:2)
  3 dart slugs
  4 bats
  4 giant cockroaches
  4 goblins
  8 hobgoblins
  2 jackals (D:3)
  3 kobolds
  A quokka (D:2)
  3 giant newts
  3 rats
39 creatures vanquished.

Notes
Turn   | Place    | Note
--------------------------------------------------------------
     0 | D:1      | M4edhros the Octopode Artificer began the quest for the Orb.
     0 | D:1      | Reached XP level 1. HP: 13/13 MP: 3/3
    89 | D:1      | Reached skill level 1 in Unarmed Combat
   130 | D:1      | Reached XP level 2. HP: 18/18 MP: 4/4
   292 | D:1      | Reached skill level 2 in Unarmed Combat
   495 | D:1      | Reached XP level 3. HP: 23/23 MP: 5/5
   742 | D:2      | Found a blossoming altar of Fedhas.
   919 | D:2      | Reached skill level 3 in Unarmed Combat
  1488 | D:2      | Reached XP level 4. HP: 28/28 MP: 6/6
  1533 | D:3      | Noticed Jessica
  1548 | D:3      | Killed Jessica
  1548 | D:3      | Reached skill level 4 in Unarmed Combat
  1580 | D:3      | HP: 1/28 [adder (2)]
  1581 | D:3      | Slain by an adder

Vault maps used:
D:1:      enne_arrival_octagon_isle, due_unseen_surprise
D:2:      lemuel_doored_altar
D:3:      ecumenical_altar_1, uniq_jessica, uniq_natasha, uniq_iyjb

Skill      XL: |  1  2  3  4 |
---------------+-------------+-----
Unarmed Combat | 1 2 3 4 |  4.0
Fighting       | |  1.0
Short Blades   | |  1.0
Dodging        | |  2.0
Stealth        | |  1.3
Evocations     | |  3.2

Action                   |  1- 3 |  4- 6 || total
-------------------------+-------+-------++-------
Melee: Unarmed           |    77 |    15 ||    92
  Use: Potion            |       |     4 ||     4
 Stab: Sleeping          |    13 |     2 ||    15
  Eat: Chunk             |       |     1 ||     1
